Map: Catalyst LE

Players

NightEnD

  • Race: Protoss Protoss
  • League: Grandmaster
  • Spawn Location: 11:00

DeMusliM - Winner!

  • Race: Terran Terran
  • League: Grandmaster
  • Spawn Location: 5:00

Event: WESG Barcelona European Finals 2017

VOD

Have the link to the VOD?

Description

Time

  • Played on: Nov. 25, 2017, 5:15 a.m.
  • Length: 9:18

All games in this series

Show
View Real Time Build Order
Export as new Build Order

NightEnD Protoss 

Build Orders: 1 Gate Expand 

Get SALT Encoding   

  12  0:00  Probe  
  13  0:13  Probe  
  14  0:20  Pylon  
  14  0:25  Probe  
  15  0:38  Probe (Chrono Boost)  
  15  0:40  Gateway  
  16  0:49  Assimilator  
  17  0:50  Probe (Chrono Boost)  
  17  0:52  Probe  
  18  1:04  Probe  
  19  1:17  Probe  
  20  1:26  Nexus  
  20  1:36  Cybernetics Core  
  20  1:39  Probe  
  21  1:46  Assimilator  
  21  1:51  Probe  
  22  1:56  Pylon  
  22  2:03  Probe  
  23  2:14  Stalker (Chrono Boost)  
  25  2:15  Probe  
  26  2:25  Robotics Facility  
  26  2:27  Probe  
  28  2:38  Stalker (Chrono Boost)  
  28  2:40  Probe  
  28  2:42  Probe  
  30  2:52  Probe  
  30  2:55  Stalker  
  34  2:58  Probe  
  34  3:03  Warp Gate  
  34  3:04  Probe  
  35  3:10  Probe  
  35  3:12  Observer (Chrono Boost)  
  37  3:16  Probe  
  38  3:22  Probe  
  38  3:25  Stalker  
  41  3:28  Probe  
  41  3:33  Pylon  
  42  3:34  Probe  
  42  3:40  Probe  
  44  3:46  Probe  
  45  3:50  Gateway  
  45  3:51  Gateway  
  45  3:52  Probe  
  45  3:55  Twilight Council  
  46  3:58  Stalker  
  46  4:00  Probe  
  49  4:04  Observer (Chrono Boost)  
  49  4:05  Probe  
  50  4:10  Assimilator  
  50  4:13  Probe, Pylon  
  50  4:16  Observer  
  53  4:17  Probe  
  53  4:25  Probe  
  53  4:28  Pylon  
  54  4:31  Probe  
  54  4:33  Blink (Chrono Boost)  
  54  4:37  Probe  
  56  4:38  Shield Battery  
  56  4:43  Probe  
  57  4:48  Assimilator  
  57  4:49  Probe  
  58  4:55  Probe  
  59  5:00  Observer  
  59  5:01  Probe  
  59  5:03  Observer  
  59  5:06  Stalker x3  
  67  5:12  Pylon  
  67  5:23  Pylon  
  67  5:30  Adept x3  
  69  5:39  Robotics Bay  
  69  5:42  Probe x2  
  71  5:52  Gateway  
  71  5:53  Gateway  
  71  5:55  Gateway  
  71  5:57  Observer  
  71  5:58  Pylon  
  71  6:03  Stalker x3  
  77  6:04  Charge  
  77  6:08  Probe x2  
  79  6:19  Nexus  
  79  6:22  Probe  
  79  6:23  Probe  
  81  6:26  Colossus (Chrono Boost)  
  87  6:35  Probe x2  
  87  6:39  Zealot x2  
  93  6:47  Pylon  
  93  6:51  Pylon  
  93  6:59  Pylon  
  93  7:01  Pylon  
  93  7:05  Colossus (Chrono Boost)  
  99  7:13  Forge x2  
  99  7:21  Zealot x4  
  105  7:24  Sentry x2  
  109  7:43  Nexus  
  109  7:44  Pylon  
  109  7:46  Probe  
  116  7:55  Templar Archives  
  116  7:58  Assimilator  
  116  8:03  Assimilator  
  114  8:10  Immortal (Chrono Boost)  
  114  8:16  Zealot  
  114  8:17  Zealot x5  
  114  8:19  Probe x2  
  128  8:32  Pylon  
  128  8:34  Pylon  
  128  8:38  Immortal  
  112  8:52  Zealot x4  
  112  8:53  Zealot x2  
Show
View Real Time Build Order
Export as new Build Order

DeMusliM Terran - Winner!

Build Orders: Reaper Expand, MMM Bio 

Get SALT Encoding   

  12  0:01  SCV  
  13  0:13  SCV  
  14  0:17  Supply Depot  
  14  0:25  SCV  
  15  0:39  SCV  
  15  0:40  Barracks  
  16  0:44  Refinery  
  16  0:51  SCV  
  17  1:03  SCV  
  18  1:15  SCV  
  19  1:28  Reaper  
  19  1:29  Orbital Command  
  20  1:45  Command Center  
  20  1:55  SCV  
  20  2:00  Barracks  
  21  2:03  Barracks Reactor  
  21  2:07  SCV  
  22  2:13  Supply Depot  
  22  2:19  SCV  
  23  2:22  Refinery  
  23  2:35  SCV  
  24  2:40  Factory  
  24  2:41  Marine x2  
  26  2:47  SCV  
  26  2:48  Barracks Tech Lab  
  26  2:58  Orbital Command  
  27  2:59  SCV  
  27  3:02  Marine  
  27  3:05  Marine  
  30  3:09  Marine  
  30  3:11  SCV  
  32  3:13  Stimpack  
  32  3:19  Marine  
  32  3:22  Marine  
  32  3:24  SCV  
  32  3:25  SCV  
  36  3:30  Starport  
  36  3:32  Factory Reactor  
  36  3:36  SCV  
  36  3:37  SCV  
  38  3:44  Marine x2  
  38  3:45  Marine  
  41  3:48  SCV  
  41  3:50  SCV  
  41  3:52  Supply Depot  
  43  3:57  Engineering Bay  
  43  4:00  SCV  
  43  4:02  SCV  
  45  4:06  Marine  
  46  4:10  Supply Depot  
  46  4:13  Marine x2  
  46  4:14  SCV x2  
  46  4:16  Factory Tech Lab  
  50  4:17  Medivac  
  50  4:21  Medivac  
  54  4:24  Supply Depot  
  54  4:28  Terran Infantry Weapons Level 1  
  54  4:31  SCV  
  54  4:33  SCV  
  54  4:35  Refinery  
  54  4:37  Marine  
  57  4:39  Marine  
  57  4:40  Marine  
  57  4:44  SCV  
  57  4:45  SCV  
  61  4:47  Supply Depot  
  61  4:52  Siege Tank  
  64  4:58  Marine x2  
  66  5:01  Marine  
  66  5:03  SCV x2  
  66  5:05  Supply Depot  
  69  5:13  Combat Shields, Supply Depot  
  69  5:17  SCV x2  
  69  5:19  Marine x2  
  73  5:24  Siege Tank  
  73  5:25  Marine  
  74  5:36  Marine  
  74  5:37  Medivac, Marine  
  74  5:38  SCV x2  
  80  5:43  Marine  
  81  5:50  Command Center  
  81  5:54  Marine x2  
  81  5:56  Siege Tank  
  86  6:01  Marine, Supply Depot  
  87  6:05  Medivac  
  87  6:09  SCV x2  
  91  6:12  Marine x2  
  91  6:15  Barracks  
  91  6:16  Barracks  
  92  6:19  Medivac, Barracks  
  92  6:22  Marine  
  92  6:25  SCV x2  
  97  6:28  Refinery  
  97  6:30  Marine, Siege Tank  
  101  6:33  Marine  
  102  6:43  Terran Infantry Armor Level 1  
  102  6:45  Supply Depot  
  102  6:46  Marine  
  103  6:48  Marine  
  103  6:50  Marine  
  105  6:54  SCV  
  105  6:56  Viking  
  105  6:57  Supply Depot  
  105  6:58  SCV  
  109  7:04  Marine  
  109  7:06  Marine, Orbital Command  
  109  7:07  SCV  
  109  7:08  Barracks Tech Lab, Barracks Reactor  
  112  7:09  Barracks Tech Lab  
  112  7:11  Concussive Shells  
  112  7:14  SCV  
  113  7:19  SCV  
  114  7:23  Marine x2  
  114  7:25  Viking  
  114  7:28  Siege Tank  
  121  7:39  Viking  
  121  7:40  Marauder x2  
  121  7:41  SCV x3  
  130  7:46  Marine, Marauder  
  130  7:47  Marine  
  134  7:53  Marine  
  134  7:54  Marine  
  134  7:55  Viking  
  138  8:00  Bunker  
  138  8:02  Marauder  
  138  8:04  Supply Depot  
  140  8:06  SCV  
  140  8:10  Supply Depot  
  141  8:26  SCV, Marine x4, Viking  
  148  8:31  Siege Tank, Viking  
  148  8:32  Marauder x2  
  148  8:33  Supply Depot  
  156  8:43  Marine  
  156  8:45  Marine, Marauder  
  143  8:50  Marine  
  143  8:51  Marine  
  143  8:53  Marauder x2  
Tags
 
Add a new tag
Caveats
  • Supply blocks, unpowered buildings, or Contaminate may cause inaccurate times.
  • Supply counts are checked every 10 seconds.